 Dungeon Crawl Stone Soup version 0.28-a0-674-gdaf460b524 (webtiles) character file.

Game seed: 719689980999725326

59373 bjtr the Destroyer (level 14, -11/104 (106) HPs)
             Began as a Demonspawn Conjurer on Oct 17, 2021.
             Was a High Priest of Vehumet.
             Mangled by a minotaur (52 damage)
             ... in a Gauntlet on Oct 18, 2021.
             The game lasted 02:46:49 (26804 turns).

bjtr the Destroyer (Demonspawn Conjurer)           Turns: 26804, Time: 02:46:49

HP:   -11/104 (106) AC: 21    Str: 10    XL:     14   Next: 52%
MP:   20/28         EV: 13    Int: 26    God:    Vehumet [*****.]
Gold: 2878          SH: 16    Dex: 11    Spells: 6/34 levels left

rFire   + . .      SeeInvis +   N - +8 mace of Qoulix {flame, rN++}
rCold   + + .      Faith    .   E - +1 kite shield {rC+}
rNeg    + + .      Spirit   .   a - +5 scale mail of Nylodd {Harm rC+ Int+3 Slay+3}
rPois   .          Reflect  +   (helmet restricted)
rElec   .          Harm     +   C - +1 cloak {rCorr}
rCorr   +          Rampage  .   t - +2 pair of gloves
Will    +....      NoTele   +   z - +2 pair of boots
Stlth   +.........              I - amulet of reflection
HPRegen 0.27/turn               m - ring of see invisible
MPRegen 0.42/turn               n - ring of protection from fire

@: hasted, lightly drained, very quick
A: horns 1, ignite blood 2, magic regeneration, sturdy frame 3
a: Renounce Religion


You were in a Gauntlet.
You worshipped Vehumet.
Vehumet was extremely pleased with you.
You visited 3 branches of the dungeon, and saw 19 of its levels.
You visited the Abyss 1 time.
You also visited: Bailey, Gauntlet and Ice Cave.

You collected 2878 gold pieces.

Inventory:

Hand Weapons
 p - a +2 scimitar of flaming
 N - the +8 mace of Qoulix (weapon) {flame, rN++}
   (You found it in an ice cave)

   It burns those it strikes, dealing additional fire damage.
   rN:        It greatly protects you from negative energy.
Missiles
 r - 2 boomerangs of dispersal
 u - a throwing net
Armour
 a - the +5 scale mail of Nylodd (worn) {Harm rC+ Int+3 Slay+3}
   (You found it on level 2 of the Lair of Beasts)

   Int:       It affects your intelligence (+3).
   Slay:      It affects your accuracy & damage with ranged weapons and melee
   (+3).
   rC:        It protects you from cold.
   Harm:      It increases damage dealt and taken.
 t - a +2 pair of gloves (worn)
 z - a +2 pair of boots (worn)
 C - a +1 cloak of preservation (worn)
 E - a +1 kite shield of cold resistance (worn)
Jewellery
 i - a ring of willpower
 m - a ring of see invisible (left hand)
 n - a ring of protection from fire (right hand)
 G - a ring of positive energy
 I - an amulet of reflection (around neck)
Wands
 f - a wand of paralysis (12)
 g - a wand of acid (12)
 q - a wand of iceblast (6)
 A - a wand of flame (81)
 H - a wand of polymorph (2)
 K - a wand of mindburst (5)
Scrolls
 b - a scroll of vulnerability
 h - 2 scrolls of amnesia
 o - a scroll of silence
 P - a scroll of magic mapping
 U - a scroll of fear
 V - 6 scrolls of blinking
 X - a scroll of fog
Potions
 c - 2 potions of invisibility {unknown}
 j - a potion of flight
 k - 3 potions of might
 l - 3 potions of cancellation
 F - a potion of ambrosia
 M - 6 potions of curing
 R - a potion of resistance
 T - 2 potions of magic
Miscellaneous
 e - a phantom mirror
 s - a lightning rod (4/4)
 B - a condenser vane
 Q - a phial of floods
 W - a box of beasts


   Skills:
 + Level 8.3 Fighting
 - Level 10.4 Long Blades
 + Level 5.3 Armour
 + Level 9.6 Dodging
 - Level 1.7 Stealth
 * Level 9.1 Shields
 + Level 10.7 Spellcasting
 + Level 11.5 Conjurations
 - Level 4.4 Fire Magic


You had 6 spell levels left.
You knew the following spells:

 Your Spells              Type           Power      Damage    Failure   Level
a - Magic Dart            Conj           100%       1d8       1%          1
b - Searing Ray           Conj           100%       2d8       1%          2
c - Foxfire               Conj/Fire      100%       2x1d9     1%          1
d - Iskenderun's Mystic   Conj/Tloc      43%        2d10      3%          4
e - Sticky Flame          Conj/Fire      53%        2d7       1%          4
f - Stone Arrow           Conj/Erth      86%        3d12      1%          3
g - Flame Wave            Conj/Fire      53%        3d10      1%          4
h - Orb of Destruction    Conj           32%        9d12      22%         7
i - Scorch                Fire           74%        2d9       1%          2

Your spell library contained the following spells:

 Spells                   Type           Power      Damage    Failure   Level
 Lee's Rapid Deconstruct  Erth           7%         3d7*      58%         5
 Conjure Flame            Conj/Fire      53%        6-21      1%          3
 Dazzling Flash           Conj/Hex       86%        N/A       1%          3
 Freeze                   Ice            56%        1d7       3%          1
 Sandblast                Erth           28%        2d8       3%          1
 Fulminant Prism          Conj/Hex       21%        3d13      3%          4
 Hailstorm                Conj/Ice       43%        3d10      3%          4
 Fireball                 Conj/Fire      26%        3d12      3%          5
 Ignite Poison            Fire/Tmut/Pois 21%        N/A       5%          3
 Frozen Ramparts          Ice            28%        1d4       10%         3
 Beastly Appendage        Tmut           28%        N/A       12%         1
 Starburst                Conj/Fire      26%        6d8       17%         6
 Ensorcelled Hibernation  Hex/Ice        28%        N/A       19%         2
 Passwall                 Tmut/Erth      11%        N/A       19%         2
 Slow                     Hex            14%        N/A       19%         2
 Wereblood                Tmut           14%        N/A       19%         2
 Confusing Touch          Hex            14%        N/A       34%         3
 Gell's Gravitas          Tloc           7%         N/A       34%         3
 Ozocubu's Armour         Ice            14%        N/A       34%         3
 Spider Form              Tmut/Pois      7%         N/A       34%         3
 Teleport Other           Tloc           14%        N/A       34%         3
 Yara's Violent Unravell  Hex/Tmut       7%         3d5       58%         5
 Ice Form                 Ice/Tmut       14%        N/A       75%         4
 Passage of Golubria      Tloc           14%        N/A       75%         4
 Petrify                  Tmut/Erth      14%        N/A       75%         4
 Summon Ice Beast         Ice/Summ       14%        N/A       75%         4
 Agony                    Necr           14%        N/A       97%         5
 Metabolic Englaciation   Hex/Ice        7%         N/A       97%         5
 Silence                  Hex/Air        7%         N/A       97%         5
 Dispersal                Tloc           7%         N/A       100%        6
 Simulacrum               Ice/Necr       7%         N/A       100%        6
 Statue Form              Tmut/Erth      9%         N/A       100%        6
 Summon Cactus Giant      Summ           7%         N/A       100%        6
 Lehudib's Crystal Spear  Conj/Erth      21%        10d6      100%        8
 Polar Vortex             Ice            7%         N/A       100%        9


Dungeon Overview and Level Annotations

Branches:
Dungeon (15/15)            Temple (1/1) D:4            Lair (3/6) D:8
  Swamp (0/4) Lair:2        Snake (0/4) Lair:2          Orc (0/2) D:10
 Vaults (0/5) D:14         Depths (0/4) D:15         Bailey (visited)
  IceCv (visited)         Gauntlet (1/1)

Altars:
Elyvilon
Gozag
Hepliaklqana
Kikubaaqudgha
Makhleb
Okawaru
Sif Muna
Vehumet
Wu Jian
Xom
Yredelemnul
Zin
The Shining One
Beogh

Shops:
D:1 *   D:11 =

Annotations:
D:10 exclusion: orange crystal statue Gauntlet 6 transporters, 1 runed translucent door


Innate Abilities, Weirdness & Mutations

You have a pair of small horns on your head.
Your demonic aura often causes spilled blood to erupt in flames.
You regenerate magic rapidly.
Your movements are significantly less encumbered by armour. (ER -6)


Message History

Found a gate leading back out of this place.
The minotaur hits you with a +2 demon trident of draining.
You partially resist.
The minotaur gores you but does no damage.
There is an open door here.
Casting: Flame Wave (mildly dangerous; 1% risk of failure)
Confirm with . or Enter, or press ? or * to list all spells.
Aiming: Sticky Flame (mildly dangerous; 1% risk of failure)
Press: ? - help, Shift-Dir - straight line, f - minotaur
Aim: a minotaur, wielding a +2 demon trident of draining, wearing a +2 crystal plate armour, wearing a ring of willpower and quivering silver javelins (100% to hit)
The sticky flame hits the minotaur.
The minotaur is lightly wounded.
The minotaur is covered in liquid flames!
The minotaur burns!
The minotaur drinks a potion.
The minotaur seems to grow stronger.
Unknown command.
Casting: Sticky Flame (mildly dangerous; 1% risk of failure)
Confirm with . or Enter, or press ? or * to list all spells.
Flames lash the minotaur but do no damage.
The minotaur burns!
The minotaur hits you with a +2 demon trident of draining!!!
You partially resist.
You feel drained. The minotaur gores you!!
Unknown command.
The minotaur burns!
The minotaur is engulfed in blazing flames.
The minotaur barely misses you.
The minotaur burns!
The minotaur is engulfed in blazing flames.
Casting: Scorch (safe; 1% risk of failure)
Confirm with . or Enter, or press ? or * to list all spells.
You erupt in a blast of force!
The mystic blast hits the minotaur!
The minotaur is heavily wounded.
The minotaur is knocked back by the mystic blast.
The minotaur slams into the granite statue!
The minotaur burns!
The minotaur stops burning.
You feel yourself speed up.
The minotaur is engulfed in blazing flames.
The minotaur hits you from afar with a +2 demon trident of draining!!!
Ouch! That really hurt!
You die...

#######.#######
#...##≈.##.#.#.
########.8.#≈≈.#.#.#.#
#..........##≈.##$#.#.
##.##.###.8.###.#©#5#.#
#8..........##..##?#©#.
#.....#.#.8.#...#[#.#.#
########.#.#...#.∩.##4#.#2
8/8[8.8#.@.#.©.#...#######
∩.....○H.###...#.8.....#..
8[8=8.8#...#.©.#...#######
########.#.#...#.∩.#....##
#.....#.#.8.#...##..##.
#8..........##..###.#..
##.##.###.8.###.#©##.##
#..........##≈.#...#.#
########.8.#≈≈.#.[##..


You could see a minotaur (strong).

Vanquished Creatures
  Kirke (D:13)
  A dire elephant (D:15)
  8 hydras
  An ogre mage (D:13)
  A catoblepas (D:13)
  A death knight (D:13)
  Erica (Lair:2)
  2 boulder beetles
  4 centaur warriors
  3 two-headed ogres
  An orc high priest (D:12)
  A fire crab (shapeshifter) (D:15)
  A sixfirhy (Abyss:2)
  A deep troll (shapeshifter) (D:13)
  3 orc knights
  2 deep elf archers
  2 bog bodies (IceCv)
  2 wizards (D:14)
  A wolf spider (D:15)
  5 ugly things
  5 deep elf pyromancers
  3 cyclopes
  An orc sorcerer (D:12)
  2 centaur zombies (D:10)
  A salamander (D:15)
  7 manticores
  A black mamba (Lair:2)
  An ice statue (IceCv)
  Maurice (D:13)
  3 gargoyles
  4 cane toads
  3 rime drakes
  An unseen horror (D:11)
  Psyche (D:10)
  4 komodo dragons
  2 freezing wraiths
  2 kobold demonologists
  An ancient zyme (Abyss:2)
  2 anaconda simulacra (IceCv)
  A tengu conjurer (D:13)
  A jumping spider (shapeshifter) (D:14)
  A polar bear (Lair:2)
  3 trolls
  6 slime creatures
  A harpy skeleton (Abyss:2)
  9 shadows
  4 flying skulls (Gauntlet)
  14 yaks
  5 wyverns
  4 basilisks
  A death yak simulacrum (IceCv)
  2 wraiths (D:11)
  Grum (D:8)
  A steam dragon (D:7)
  2 vampire mosquitoes (D:13)
  5 hogs (D:13)
  5 nagas (Lair:2)
  A harpy simulacrum (IceCv)
  A swamp worm (Lair:2)
  2 wargs (D:10)
  An acid dragon (D:10)
  8 water moccasins
  A floating eye (shapeshifter) (D:13)
  12 orc warriors
  2 large abominations (Abyss:2)
  5 black bears
  An ogre (D:5)
  14 wolves
  19 centaurs
  5 kobold brigands
  A small abomination (Abyss:2)
  A gnoll sergeant (D:7)
  9 bullfrogs
  Blork the orc (D:5)
  4 two-headed ogre simulacra (IceCv)
  The ghost of lawman0 the Covert, a weakling GnDe (D:4)
  6 wights
  2 elephant simulacra (IceCv)
  3 howler monkeys
  2 hounds (D:5)
  A starcursed mass (D:14)
  A bullfrog zombie (D:5)
  A crimson imp (Abyss:2)
  11 orc priests
  A quasit (Abyss:2)
  Crazy Yiuf (D:3)
  3 jellies
  2 bullfrog skeletons
  Jessica (D:2)
  Natasha (thrice) (D:2)
  7 iguanas
  12 orc wizards
  8 spriggan simulacra (IceCv)
  A statue (D:3)
  6 troll simulacra (IceCv)
  2 polar bear simulacra (IceCv)
  5 wolf simulacra (IceCv)
  2 killer bee zombies
  2 howler monkey zombies
  Robin (D:1)
  10 adders
  7 gnolls
  3 naga simulacra (IceCv)
  A shadow imp (D:6)
  9 white imps
  5 ufetubi (IceCv)
  An adder skeleton (D:5)
  2 worms
  3 dart slugs
  50 orcs
  7 bats
  16 endoplasms
  A giant cockroach (D:2)
  19 goblins
  13 hobgoblins
  10 jackals
  34 kobolds
  4 quokkas
  8 ball pythons
  6 frilled lizards
  6 rats
  A lurking horror (Abyss:2)
542 creatures vanquished.

Vanquished Creatures (collateral kills)
  A fire dragon (D:13)
1 creature vanquished.

Vanquished Creatures (others)
  A shadow (D:12)
  45 foxfires
  8 fungi
  24 plants
  2 starspawn tentacles (Abyss:2)
80 creatures vanquished.

Grand Total: 623 creatures vanquished

Notes
Turn   | Place    | Note
-------+----------+-------------------------------------------
     0 | D:1      | bjtr the Demonspawn Conjurer began the quest for the Orb.
     0 | D:1      | Reached XP level 1. HP: 13/13 MP: 3/3
   398 | D:1      | Gained mutation: Your movements are slightly less
                  | encumbered by armour. (ER -2) [demonic ancestry]
   398 | D:1      | Reached XP level 2. HP: 19/19 MP: 5/5
   459 | D:1      | Learned a level 2 spell: Searing Ray
   857 | D:1      | Found Baapihis's General Store.
  1301 | D:1      | Reached XP level 3. HP: 20/24 MP: 6/6
  1802 | D:1      | Reached skill level 5 in Conjurations
  2036 | D:1      | Found a faded altar of an unknown god.
  2100 | D:2      | Noticed Robin
  2229 | D:1      | Killed Robin
  2295 | D:2      | Gained mutation: Your demonic aura sometimes causes spilled
                  | blood to erupt in flames. [demonic ancestry]
  2295 | D:2      | Reached XP level 4. HP: 31/31 MP: 7/7
  2678 | D:2      | Noticed Jessica
  2688 | D:2      | Killed Jessica
  2689 | D:2      | Reached skill level 1 in Fighting
  3006 | D:2      | Noticed Natasha
  3008 | D:2      | Killed Natasha
  3009 | D:2      | Gained mutation: You regenerate magic rapidly. [demonic
                  | ancestry]
  3009 | D:2      | Reached XP level 5. HP: 37/37 MP: 4/9
  3048 | D:2      | Noticed Natasha
  3053 | D:2      | Killed Natasha
  3404 | D:2      | Noticed Natasha
  3412 | D:2      | Killed Natasha
  3474 | D:2      | Upgraded the game from 0.28-a0-664-gc179e30c89 to
                  | 0.28-a0-674-gdaf460b524
  3666 | D:3      | Found a radiant altar of Vehumet.
  3667 | D:3      | Noticed a charred statue
  3849 | D:3      | Killed a charred statue
  3850 | D:3      | Gained mutation: Your movements are less encumbered by
                  | armour. (ER -4) [demonic ancestry]
  3850 | D:3      | Reached XP level 6. HP: 29/44 MP: 2/10
  3964 | D:3      | Became a worshipper of Vehumet
  4113 | D:3      | Found a burning altar of Makhleb.
  4145 | D:3      | Found a hazy altar of Hepliaklqana.
  4396 | D:3      | Reached skill level 6 in Conjurations
  4791 | D:3      | Found a runed translucent door.
  4792 | D:3      | Noticed Crazy Yiuf
  4801 | D:3      | Killed Crazy Yiuf
  4949 | D:4      | Noticed an orc warrior
  4959 | D:4      | Killed an orc warrior
  4960 | D:4      | Reached XP level 7. HP: 43/51 MP: 3/12
  5036 | D:4      | Reached * piety under Vehumet
  5036 | D:4      | Offered knowledge of Foxfire by Vehumet.
  5047 | D:4      | Learned a level 1 spell: Foxfire
  5525 | D:4      | Found a staircase to the Ecumenical Temple.
  5530 | D:4      | Identified the +0 helmet of Xaerra {Rampage *Slow rC++
                  | MP+9}
  5719 | D:4      | Found a large runed translucent door.
  5720 | D:4      | Found a large runed translucent door.
  5741 | D:4      | Noticed lawman0's ghost (weakling GnDe)
  5858 | D:4      | Identified the +4 great sword "Impslayer" {protect, rElec
                  | Dex+3 Stlth+}
  6035 | D:4      | Killed lawman0's ghost
  6036 | D:4      | Reached skill level 1 in Armour
  6091 | D:4      | Reached skill level 5 in Fighting
  6091 | D:4      | Reached skill level 5 in Long Blades
  6091 | D:4      | Reached skill level 5 in Dodging
  6091 | D:4      | Reached skill level 9 in Conjurations
  6091 | D:4      | Reached XP level 8. HP: 63/63 MP: 14/14
  6097 | D:4      | Learned a level 4 spell: Iskenderun's Mystic Blast
  6098 | D:5      | Entered Level 5 of the Dungeon
  6470 | D:5      | Reached XP level 9. HP: 44/68 MP: 15/15
  6785 | D:5      | Learned a level 4 spell: Sticky Flame
  6786 | D:5      | Noticed Blork the orc
  6795 | D:5      | Killed Blork the orc
  7098 | D:5      | Found a basalt altar of Yredelemnul.
  7449 | D:6      | Offered knowledge of Static Discharge by Vehumet.
  7595 | D:6      | Reached ** piety under Vehumet
  7608 | D:6      | Learned a level 3 spell: Stone Arrow
  8024 | D:7      | Found a flagged portal.
  8038 | Bailey   | Entered a bailey
  8077 | Bailey   | Noticed an orc knight
  8101 | Bailey   | Killed an orc knight
  8102 | Bailey   | Reached skill level 1 in Fire Magic
  8136 | Bailey   | Found a burning altar of Makhleb.
  8136 | Bailey   | Noticed an orc knight
  8181 | Bailey   | Killed an orc knight
  8182 | Bailey   | Reached skill level 5 in Spellcasting
  8344 | D:7      | Found an ancient bone altar of Kikubaaqudgha.
  8698 | D:7      | Reached XP level 10. HP: 76/76 MP: 17/17
  8708 | D:7      | Reached skill level 10 in Conjurations
  8781 | D:7      | Reached skill level 5 in Armour
  9173 | D:8      | Offered knowledge of Inner Flame by Vehumet.
  9706 | D:8      | Reached *** piety under Vehumet
  9783 | D:8      | Found an iron altar of Okawaru.
  9827 | D:8      | Learned a level 2 spell: Passwall
  9929 | D:8      | Noticed Grum
  9939 | D:8      | Killed Grum
 10280 | D:8      | Found a staircase to the Lair.
 10466 | D:9      | You fall into a shaft and drop 1 floor!
 10466 | D:10     | Entered Level 10 of the Dungeon
 10491 | D:10     | Found an ornate altar of the Wu Jian Council.
 10608 | D:10     | Noticed an orange crystal statue
 10741 | D:10     | Offered knowledge of Flame Wave by Vehumet.
 10748 | D:10     | Learned a level 4 spell: Flame Wave
 10758 | D:10     | Noticed Psyche
 10769 | D:10     | Killed Psyche
 10770 | D:10     | Found a staircase to the Orcish Mines.
 11491 | D:9      | Noticed a four-headed hydra
 11512 | D:9      | Reached skill level 1 in Shields
 11518 | D:9      | Gained mutation: Your demonic aura often causes spilled
                  | blood to erupt in flames. [demonic ancestry]
 11518 | D:9      | Reached XP level 11. HP: 75/81 MP: 19/19
 11520 | D:9      | Killed a four-headed hydra
 11600 | D:9      | Found a large runed translucent door.
 11600 | D:9      | Found a large runed translucent door.
 11945 | D:9      | Found a shimmering blue altar of Sif Muna.
 12216 | D:9      | Found an opulent altar of Gozag.
 12232 | D:9      | Found a shimmering altar of Xom.
 12318 | D:10     | Reached **** piety under Vehumet
 12781 | D:11     | Noticed a two-headed ogre
 12795 | D:11     | Killed a two-headed ogre
 13142 | D:11     | Noticed a two-headed ogre
 13149 | D:11     | Killed a two-headed ogre
 13191 | D:11     | Found Nuurph's Jewellery Emporium.
 13254 | D:11     | Offered knowledge of Mephitic Cloud by Vehumet.
 14035 | D:12     | Noticed a brown ugly thing
 14047 | D:12     | Killed a brown ugly thing
 14655 | D:12     | Reached XP level 12. HP: 89/89 MP: 22/22
 14659 | D:12     | Noticed a centaur warrior
 14666 | D:12     | Reached ***** piety under Vehumet
 14666 | D:12     | Killed a centaur warrior
 14829 | D:12     | Noticed a two-headed ogre
 14832 | D:12     | Killed a two-headed ogre
 14910 | D:12     | Found a runed translucent door.
 15279 | D:12     | Offered knowledge of Iskenderun's Battlesphere by Vehumet.
 15390 | D:12     | Noticed an orc high priest
 15406 | D:12     | Killed an orc high priest
 15741 | D:13     | Noticed an eight-headed hydra
 15756 | D:13     | Killed an eight-headed hydra
 15764 | D:13     | Noticed Kirke
 15767 | D:13     | Noticed a sphinx
 15774 | D:13     | Noticed a catoblepas
 15785 | D:13     | Found a frozen archway.
 15791 | IceCv    | Entered an ice cave
 16219 | IceCv    | Identified the +8 mace of Qoulix {flame, rN++}
 16900 | IceCv    | Reached skill level 10 in Long Blades
 16930 | IceCv    | Identified the +2 helmet "Fuhybiun" {rF+ Int+4 Dex+4}
 17248 | IceCv    | Got the Guide on the Freezing Blaze
 17423 | D:13     | Offered knowledge of Ozocubu's Refrigeration by Vehumet.
 17429 | D:13     | Killed a catoblepas
 17708 | D:13     | Noticed Maurice
 17719 | D:13     | Killed Maurice
 17777 | D:13     | Killed Kirke
 17778 | D:13     | Gained mutation: You have a pair of small horns on your
                  | head. [demonic ancestry]
 17778 | D:13     | Reached XP level 13. HP: 57/96 MP: 25/25
 18232 | Temple   | Entered the Ecumenical Temple
 18971 | D:13     | Identified the +1 leather armour "Tejaos" {Str+4}
 19290 | D:13     | Noticed a fire dragon
 19295 | D:13     | Paralysed by a floating eye for 2 turns
 19296 | D:13     | Reached skill level 5 in Shields
 19305 | D:13     | Killed a fire dragon
 20078 | D:14     | Found a gate to the Vaults.
 20114 | D:14     | Cast into level 2 of the Abyss (a wizard)
 20114 | Abyss:2  | Found a corrupted altar of Lugonu.
 20262 | Abyss:2  | Reached skill level 10 in Spellcasting
 20414 | Abyss:2  | Noticed a purple draconian
 20430 | Abyss:2  | Noticed a profane servitor
 20471 | Abyss:2  | Noticed a starcursed mass
 20480 | Abyss:2  | Noticed a tentacled starspawn
 20497 | D:14     | Escaped the Abyss
 21071 | D:14     | Offered knowledge of Orb of Destruction by Vehumet.
 21080 | D:14     | Learned a level 7 spell: Orb of Destruction
 21501 | D:15     | Entered Level 15 of the Dungeon
 21565 | D:15     | Noticed a dire elephant
 21582 | D:15     | Killed a dire elephant
 21583 | D:15     | Reached skill level 11 in Conjurations
 21583 | D:15     | Gained mutation: Your movements are significantly less
                  | encumbered by armour. (ER -6) [demonic ancestry]
 21583 | D:15     | Reached XP level 14. HP: 45/105 MP: 20/28
 21812 | D:15     | Found a staircase to the Depths.
 22234 | D:15     | Learned a level 2 spell: Scorch
 23572 | Lair:1   | Entered Level 1 of the Lair of Beasts
 24917 | Lair:2   | Found a staircase to the Snake Pit.
 25200 | Lair:2   | Identified the +5 scale mail of Nylodd {Harm rC+ Int+3
                  | Slay+3}
 25275 | Lair:2   | Found a staircase to the Swamp.
 25435 | Lair:2   | Noticed Erica
 25457 | Lair:2   | Killed Erica
 25461 | Lair:2   | HP: 5/106 [poisoned by Erica (bolt of poison)]
 25465 | Lair:2   | HP: 2/106 [poisoned by Erica (bolt of poison)]
 26470 | Lair:3   | Found a gate leading to a gauntlet.
 26488 | Gauntlet | Entered a Gauntlet
 26488 | Gauntlet | Found a transporter.
 26488 | Gauntlet | Found a transporter.
 26506 | Gauntlet | Found a transporter.
 26510 | Gauntlet | Found a transporter.
 26522 | Gauntlet | Found a transporter.
 26523 | Gauntlet | Found a transporter.
 26526 | Gauntlet | Noticed a reaper
 26531 | Gauntlet | Found a transporter.
 26546 | Gauntlet | Found a transporter.
 26563 | Gauntlet | Found a transporter.
 26564 | Gauntlet | Found a transporter.
 26566 | Gauntlet | Found a runed translucent door.
 26568 | Gauntlet | Found a runed translucent door.
 26572 | Gauntlet | Found a transporter.
 26576 | Gauntlet | Found a transporter.
 26742 | Gauntlet | Offered knowledge of Lee's Rapid Deconstruction by Vehumet.
 26804 | Gauntlet | Mangled by a minotaur

Illustrated notes

Levels and vault maps discovered:
D:1:      zelgadis_glass_arrival_small, layout_basic, serial_shops,
          nicolae_diamond_shop, serial_aquarium, aquarium_bridge_straight
          [aquarium_subvault_bridge, aquarium_subvault_balcony,
          aquarium_subvault_bridge, aquarium_subvault_wall], aquarium_window_3,
          aquarium_window_fake, aquarium_view_2c, aquarium_view_2e,
          aquarium_balcony_5a, shapermc_ecumenical_altar_ellora,
          minmay_misc_feat_tower, minmay_small_reverse_x
D:2:      layout_rooms, grunt_ministairs_9, cheibrodos_gnoll_hut, uniq_natasha,
          uniq_jessica, uniq_robin
D:3:      layout_loops_corners, bloody_makhleb, vehumet_statue,
          mainiacjoe_overflow_brackets, uniq_crazy_yiuf_cottage
D:4:      layout_loops_corners, minmay_temple_entry_purple_smoke,
          ebering_ghost_disaster_area
D:5:      cheibrodos_helix_gallery, layout_loops_cross,
          gammafunk_temple_overflow_statue, kennysheep_doodads,
          uniq_blork_the_orc
D:6:      layout_basic, minmay_misc_feat_chi
D:7:      layout_loops_ring, kiku_gazebo_garden_becter, enter_bailey_4
D:8:      layout_loops_corners, kennysheep_mini, lair_entry_dummy,
          minmay_misc_feat_room, amcnicky_mini_rare_corridor_liquid,
          due_unseen_surprise, uniq_grum
D:9:      layout_small_grid, overflow_temple_1_default, jmf_multi_god_temple2,
          minmay_orc_keep
D:10:     layout_roguey, pdpol_wu_jian_five_deadly_venoms, david_orc_1_choice,
          minmay_statue_bubble, uniq_psyche
D:11:     layout_roguey, serial_shops, nicolae_diamond_shop,
          david_defended_altar_orc
D:12:     layout_loops_corners, minivault_20, lightli_church_of_beogh
D:13:     minmay_the_grid_triangle_9x9_rhombus_thin
          [minmay_the_grid_triangle_9x9_steps,
          minmay_the_grid_triangle_9x9_prize_insulated,
          minmay_the_grid_triangle_9x9_odd_lines,
          minmay_the_grid_triangle_9x9_impossible_snake], layout_gridville,
          portal_ice_cave_rime, uniq_kirke, uniq_maurice
D:14:     layout_irregular_city, hangedman_vaults_entry_quadrant_bands,
          hangedman_decor_slide_cut
D:15:     hangedman_depths_entry_try_elsewhere_first, layout_long_grid,
          good_gods_temple_1
Temple:   minmay_temple_curvy_loop
Lair:1:   beast_lair_carwin_large_1, layout_loops_ring
Lair:2:   layout_regular_city, palyth_hydra_swamp_entry,
          minmay_snake_entry_guardpost_large, serial_bayou_pond_d, uniq_erica
Lair:3:   layout_cave_shapes, gauntlet_entry_generic,
          ebering_ghost_reflecting_pool, infiniplex_staircase_pool
Gauntlet: minmay_gauntlet_77_indecision [minmay_gauntlet_arena_77_hold_the_fort,
          minmay_gauntlet_arena_77_terracotta_army,
          minmay_gauntlet_arena_77_cramped, minmay_gauntlet_arena_77_p_blocks,
          minmay_gauntlet_arena_77_fan, minmay_gauntlet_arena_77_checkered,
          nicolae_gauntlet_exit_dead_adventurers]

Skill      XL: |  1  2  3  4  5  6  7  8  9 10 11 12 13 14 |
---------------+-------------------------------------------+-----
Conjurations   | 5 6 9 10 11 | 11.5
Dodging        | 2 3 5 6 7 8 9 |  9.6
Fighting       | 1 2 5 6 7 8 |  8.3
Spellcasting   | 3 4 5 7 8 10 | 10.7
Armour         | 4 5 |  5.3
Long Blades    | 5 6 7 9 10 | 10.4
Fire Magic     | 1 2 3 4 |  4.4
Shields        | 1 3 7 9 |  9.1
Stealth        | |  1.7

Action                   |  1- 3 |  4- 6 |  7- 9 | 10-12 | 13-15 || total
-------------------------+-------+-------+-------+-------+-------++-------
Melee: Long sword        |    65 |   112 |       |       |       ||   177
       Quarterstaff      |       |     8 |    11 |       |       ||    19
       Great sword       |       |       |    89 |   326 |       ||   415
       Mace              |       |       |       |       |   193 ||   193
       Headbutt          |       |       |       |       |    22 ||    22
 Cast: Magic Dart        |    10 |    24 |    19 |     5 |     4 ||    62
       Searing Ray       |    17 |    22 |    20 |    30 |     5 ||    94
       Iskenderun's Myst |       |       |     3 |    10 |    31 ||    44
       Foxfire           |       |       |    27 |       |       ||    27
       Stone Arrow       |       |       |       |    11 |    65 ||    76
       Flame Wave        |       |       |       |    27 |    21 ||    48
       Passwall          |       |       |       |     2 |       ||     2
       Sticky Flame      |       |       |       |    28 |    20 ||    48
       Orb of Destructio |       |       |       |       |    13 ||    13
       Scorch            |       |       |       |       |     3 ||     3
Evoke: Wand              |       |       |     1 |     4 |    10 ||    15
       Lightning rod     |       |       |       |       |     8 ||     8
       Phantom mirror    |       |       |       |       |     1 ||     1
       Condenser vane    |       |       |       |       |     1 ||     1
  Use: Scroll            |       |       |    13 |    21 |     3 ||    37
       Potion            |       |       |     3 |     1 |     7 ||    11
 Stab: Sleeping          |     2 |     2 |     4 |     9 |       ||    17
       Distracted        |       |       |       |     3 |       ||     3
Armor: Robe              |    20 |    47 |       |       |       ||    67
       Scale mail        |       |    11 |    59 |       |    12 ||    82
       Ring mail         |       |       |    19 |     4 |       ||    23
       Steam dragon scal |       |       |       |   246 |   141 ||   387
       Skin              |       |       |       |     3 |       ||     3
Dodge: Dodged            |    59 |   106 |   104 |   355 |   158 ||   782
Block: Other             |       |       |     5 |   132 |       ||   137
       Reflection        |       |       |       |     4 |    21 ||    25
       Kite shield       |       |       |       |       |   330 ||   330

Table legend: (Time is in decaauts)
 A = Elapsed time spent in this place.
 B = Non-inter-level travel time spent in this place.
 C = Inter-level travel time spent in this place.
 D = Time resting spent in this place.
 E = Time spent auto-exploring this place.
 F = Levels seen in this place.
 G = Mean time per level.
                   A        B        C        D        E       F      G
               +--------+--------+--------+--------+--------+-----+--------+
         Total |  27141 |  25486 |   1655 |   7746 |  12347 |  23 | 1180.0 |
       Dungeon |  21726 |  20194 |   1532 |   5917 |  10450 |  15 | 1448.4 |
        Temple |     36 |     31 |      5 |      0 |      0 |   1 |   36.0 |
          Lair |   2729 |   2612 |    117 |    833 |   1301 |   3 |  909.7 |
         Abyss |    393 |    393 |      0 |     62 |      0 |   1 |  393.0 |
        Bailey |    266 |    266 |      0 |     54 |     61 |   1 |  266.0 |
      Ice Cave |   1660 |   1660 |      0 |    880 |    386 |   1 | 1660.0 |
      Gauntlet |    329 |    329 |      0 |      0 |    149 |   1 |  329.0 |
               +--------+--------+--------+--------+--------+-----+--------+

Top non-repeatable levels by time:
     D:1: 2292 daAuts
    D:13: 2051 daAuts
    D:10: 2045 daAuts
   IceCv: 1660 daAuts
  Lair:2: 1643 daAuts
    D:12: 1591 daAuts
    D:14: 1521 daAuts
    D:15: 1491 daAuts
     D:3: 1439 daAuts
     D:8: 1431 daAuts
    D:11: 1290 daAuts
     D:4: 1280 daAuts
     D:2: 1247 daAuts
     D:5: 1191 daAuts
  Lair:1: 1031 daAuts
